 Dungeon Crawl Stone Soup version 0.22.0-6-g71bd7aa (webtiles) character file.

136 Azzok the Firebug (level 5, 0/38 HPs)
             Began as a Hill Orc Fire Elementalist on Aug 14, 2018.
             Slain by a gnoll
             ... wielding a cursed -2 spear
              (5 damage)
             ... on level 3 of the Dungeon.
             The game lasted 00:05:51 (3155 turns).

Azzok the Firebug (Hill Orc Fire Elementalist)      Turns: 3155, Time: 00:05:53

Health: 0/38       AC:  2    Str: 11    XL:     5   Next: 19%
Magic:  4/7        EV: 12    Int: 16    God:
Gold:   91         SH:  0    Dex: 11    Spells: 2/7 levels left

rFire    . . .     SeeInvis .   n - +0 dagger (elec)
rCold    + . .     Gourm    .   (no shield)
rNeg     . . .     Faith    .   a - +0 robe
rPois    .         Spirit   .   (no helmet)
rElec    .         Reflect  .   (no cloak)
rCorr    .         Harm     .   (no gloves)
MR       +....                  (no boots)
Stlth    ++........             (no amulet)
HPRegen  0.12/turn              e - ring of protection from cold
MPRegen  0.10/turn              s - ring of protection from magic

@: no status effects
A: no striking features
a: no special abilities


You were on level 3 of the Dungeon.
You were hungry.

You visited 1 branch of the dungeon, and saw 3 of its levels.

You collected 91 gold pieces.

Inventory:

Hand Weapons
 k - a +0 dagger of venom
 n - a +0 dagger of electrocution (weapon)
Armour
 a - a +0 robe (worn)
Jewellery
 e - a ring of protection from cold (left hand)
 m - an uncursed amulet of magic regeneration {unknown}
 s - a ring of protection from magic (right hand)
Scrolls
 b - a scroll of magic mapping {unknown}
 d - 4 scrolls of identify {unknown}
 f - a scroll of remove curse {unknown}
 h - a scroll of blinking {unknown}
 i - a scroll of enchant armour {unknown}
 j - 2 scrolls of teleportation {unknown}
 o - a scroll of enchant weapon {unknown}
 q - a scroll of immolation {unknown}
 r - 2 scrolls of amnesia {unknown}
Potions
 g - 3 potions of haste {unknown}
 l - a potion of heal wounds {unknown}
Comestibles
 c - 7 rations


   Skills:
 - Level 1.5 Dodging
 - Level 1.5 Stealth
 - Level 1.5 Spellcasting
 + Level 3.4 Conjurations
 + Level 5.0 Fire Magic


You had 2 spell levels left.
You knew the following spells:

 Your Spells              Type           Power        Failure   Level  Hunger
a - Flame Tongue          Conj/Fire      ##...        3%          1    ##.....
b - Sticky Flame          Conj/Fire      ##......     36%         4    #####..

Your spell library contained the following spells:

 Spells                   Type           Power        Failure   Level  Hunger
 Fireball                 Conj/Fire      ##........   71%         5    ######.
 Conjure Flame            Conj/Fire      ##......     12%         3    ####...
 Throw Flame              Conj/Fire      ##....       6%          2    ###....
 Inner Flame              Hex/Fire       #.......     24%         3    ####...


Dungeon Overview and Level Annotations

Branches:
Dungeon (3/15)

Altars:
Elyvilon
Xom


Message History

Aim: a jackal The flame tongue misses the jackal.
The jackal bites you.
* * * LOW HITPOINT WARNING * * *
The gnoll hits you but does no damage.
Casting: Flame Tongue (safe; 3% risk of failure)
Confirm with . or Enter, or press ? or * to list all spells.
Aiming: Flame Tongue (safe; 3% risk of failure)
Press: ? - help, Shift-Dir - straight line, f/p - jackal
Aim: a jackal The flame tongue hits the jackal.
The jackal is heavily wounded.
The jackal closely misses you. The gnoll misses you.
Casting: Flame Tongue (safe; 3% risk of failure)
Confirm with . or Enter, or press ? or * to list all spells.
Aiming: Flame Tongue (safe; 3% risk of failure)
Press: ? - help, Shift-Dir - straight line, f/p - jackal
Aim: a jackal (heavily wounded)
The flame tongue misses the jackal.
The jackal barely misses you. x2
The gnoll hits you from afar with a spear.
You die...

···▒▒▒▒▒▒▒▒ ········)·▒
▒·▒▒▒▒▒▒▒·▒
···▒_>···8·▒
▒··▒▒▒▒▒▒▒·▒ ▒▒▒▒
▒······h@·▒ ··▒
▒▒▒·▒·g▒▒▒▒ ▒·▒
▒····▒▒▒▒▒▒▒▒▒▒▒▒▒▒▒·▒▒
▒▒▒·h···P··············
▒····≈≈≈≈≈≈≈≈≈≈≈≈≈≈≈≈
▒····≈≈≈≈≈≈≈≈≈≈≈≈≈≈≈≈
▒····≈≈▒▒▒▒▒≈≈≈≈≈≈≈≈≈
▒····≈≈▒gg·▒·········
▒····≈≈▒···▒▒▒▒▒▒▒▒▒▒


You could see a gnoll and a jackal.

Vanquished Creatures
  3 adders
  4 gnolls (D:3)
  A worm (D:3)
  3 dart slugs
  A leopard gecko (D:1)
  An orc (D:3)
  3 bats
  4 giant cockroaches
  4 hobgoblins
  13 jackals
  6 kobolds
  A frilled lizard (D:1)
  6 goblins
  7 rats
57 creatures vanquished.

Notes
Turn   | Place    | Note
-------+----------+-------------------------------------------
     0 | D:1      | Azzok the Hill Orc Fire Elementalist began the quest for the Orb.
     0 | D:1      | Reached XP level 1. HP: 14/14 MP: 3/3
   181 | D:1      | Found a shimmering altar of Xom.
   273 | D:1      | Reached XP level 2. HP: 19/20 MP: 2/4
  1087 | D:2      | Reached skill level 4 in Fire Magic
  1087 | D:2      | Reached XP level 3. HP: 15/26 MP: 5/5
  2011 | D:2      | Reached XP level 4. HP: 33/33 MP: 6/6
  2817 | D:3      | Reached XP level 5. HP: 32/38 MP: 7/7
  2854 | D:3      | Found a white marble altar of Elyvilon.
  3061 | D:3      | Learned a level 4 spell: Sticky Flame
  3089 | D:3      | Reached skill level 5 in Fire Magic
  3155 | D:3      | Slain by a gnoll

Skill      XL: |  1  2  3  4  5 |
---------------+----------------+-----
Conjurations   | 2 3 |  3.4
Fire Magic     | 4 5 |  5.0
Dodging        | |  1.5
Stealth        | |  1.5
Spellcasting   | |  1.5

Action                   |  1- 3 |  4- 6 || total
-------------------------+-------+-------++-------
Melee: Unarmed           |     8 |       ||     8
       Club              |    20 |       ||    20
       Dagger            |    61 |    87 ||   148
 Cast: Flame Tongue      |    16 |     8 ||    24
 Stab: Sleeping          |       |     1 ||     1
  Eat: Chunk             |     4 |     3 ||     7
Armor: Robe              |    27 |    11 ||    38
Dodge: Dodged            |    80 |    85 ||   165
